| TOP OF THE 1ST |
|
Chattanooga Lookouts batting - Pitching for Erie SeaWolves : RHP Branden Maynard
|
|
Pitching: RHP Branden Maynard
|
|
|
Batting: LHB Marius Tadini
|
0-0: Ball 1-0: Ball 2-0: Ball 3-0: Called Strike 3-1: SINGLE (Groundball, 34D, EV 100.6 MPH) (infield hit)
|
|
Batting: RHB Ruben Martinez
|
0-0: Ball 1-0: Ball 2-0: Ball 3-0: Called Strike 3-1: Base on Balls Marius Tadini to second
|
|
Batting: LHB Matt Robertson
|
0-0: Ball 1-0: Ball 2-0: Called Strike 2-1: Fly out, F9 (Flyball, 9D, EV 88.8 MPH)
|
|
Batting: RHB Justin Allison
|
0-0: Called Strike 0-1: Foul Ball, location: 2F 0-2: Ball 1-2: Strikes out swinging
|
|
Batting: RHB Masaichi Tokunaga
|
0-0: Called Strike 0-1: Hit by Pitch Marius Tadini to third Ruben Martinez to second
|
|
Batting: LHB Kozo Kanamori
|
0-0: Ball 1-0: Ball 2-0: GRAND SLAM HOME RUN (Flyball, 9D, EV 101.3 MPH), Distance : 381 ft
|
|
Batting: RHB Bobby Paredes
|
0-0: Called Strike 0-1: Ball 1-1: Ball 2-1: Foul Ball, location: 2F 2-2: Ground out 3-1 (Groundball, 34, EV 95.6 MPH)
|
| Top of the 1st over - 4 runs, 2 hits, 0 errors, 0 left on base; Chattanooga 4 - Erie 0 |
| BOTTOM OF THE 1ST |
|
Erie SeaWolves batting - Pitching for Chattanooga Lookouts : RHP Matt Springer
|
|
Pitching: RHP Matt Springer
|
|
|
Batting: LHB Freddy Troncoso
|
0-0: Fly out, F8 (Flyball, 8LD, EV 98.1 MPH)
|
|
Batting: LHB Adam Lancaster
|
0-0: Ball 1-0: Called Strike 1-1: Foul Ball, location: 2F 1-2: Ball 2-2: Fly out, F2 (Popup, 3SF, EV 80.6 MPH)
|
|
Batting: RHB Dan Becvar
|
0-0: Called Strike 0-1: Ball 1-1: Ball 2-1: Ball 3-1: Ground out 4-3 (Groundball, 34D, EV 82.5 MPH)
|
| Bottom of the 1st over - 0 runs, 0 hits, 0 errors, 0 left on base; Chattanooga 4 - Erie 0 |
| TOP OF THE 2ND |
|
Chattanooga Lookouts batting - Pitching for Erie SeaWolves : RHP Branden Maynard
|
|
Batting: RHB Julian de Reus
|
0-0: Called Strike 0-1: Ball 1-1: Ball 2-1: Foul Ball, location: 2F 2-2: Strikes out swinging
|
|
Batting: RHB Ben Droge
|
0-0: Ground out 6-3 (Groundball, 6, EV 88.1 MPH)
|
|
Batting: LHB Marius Tadini
|
0-0: Ball 1-0: Foul Ball, location: 2F 1-1: Ball 2-1: Ball 3-1: Base on Balls
|
|
Batting: RHB Ruben Martinez
|
0-0: Foul Ball, location: 2F 0-1: Foul Ball, location: 2F 0-2: Foul Ball, location: 2F 0-2: Ball 1-2: Fielders Choice at 2nd, U4 (Groundball, 4M, EV 87.5 MPH)
|
| Top of the 2nd over - 0 runs, 0 hits, 0 errors, 1 left on base; Chattanooga 4 - Erie 0 |
| BOTTOM OF THE 2ND |
|
Erie SeaWolves batting - Pitching for Chattanooga Lookouts : RHP Matt Springer
|
|
Batting: RHB Steve Clark
|
0-0: Swinging Strike 0-1: Ball 1-1: Foul Ball, location: 2F 1-2: Foul Ball, location: 2F 1-2: SINGLE (Line Drive, 9S, EV 92.5 MPH)
|
|
Batting: LHB Takuya Uchida
|
0-0: Ball 1-0: Swinging Strike 1-1: Foul Ball, location: 2F 1-2: Foul Ball, location: 2F 1-2: Ball 2-2: Foul Ball, location: 2F 2-2: SINGLE (Groundball, 15S, EV 73.1 MPH) (infield hit) Steve Clark to second
|
|
Batting: RHB Jordan Mejias
|
0-0: Ball 1-0: Foul Ball, location: 2F 1-1: SINGLE (Groundball, 56, EV 100.0 MPH) (infield hit) Steve Clark to third Takuya Uchida to second
|
|
Batting: LHB Oscar Gonzalez
|
0-0: Ball 1-0: Ball 2-0: Ball 3-0: Called Strike 3-1: Foul Ball, location: 2F 3-2: Base on Balls Steve Clark scores Takuya Uchida to third Jordan Mejias to second
|
|
Batting: LHB Luis Dominguez
|
0-0: Ball 1-0: Swinging Strike 1-1: Ball 2-1: Foul Ball, location: 2F 2-2: Fly out, F7 (Flyball, 7LM, EV 88.1 MPH)
|
|
Batting: RHB Dusty Newman
|
0-0: Ball 1-0: Foul Ball, location: 2F 1-1: Foul Ball, location: 2F 1-2: Ball 2-2: Strikes out swinging
|
|
Batting: LHB Freddy Troncoso
|
0-0: Ball 1-0: Ball 2-0: SINGLE (Flyball, 78S, EV 95.6 MPH) Takuya Uchida scores Jordan Mejias to third Oscar Gonzalez to second Runner from 3rd tries for Home, throw by LF and OUT! 7-2
|
| Bottom of the 2nd over - 2 runs, 4 hits, 0 errors, 2 left on base; Chattanooga 4 - Erie 2 |
| TOP OF THE 3RD |
|
Chattanooga Lookouts batting - Pitching for Erie SeaWolves : RHP Branden Maynard
|
|
Batting: LHB Matt Robertson
|
0-0: Foul Ball, location: 2F 0-1: Ball 1-1: Swinging Strike 1-2: Ball 2-2: Foul Ball, location: 2F 2-2: Foul Ball, location: 2F 2-2: Foul Ball, location: 2F 2-2: Strikes out looking
|
|
Batting: RHB Justin Allison
|
0-0: Ground out 5-3 (Groundball, 56, EV 85.0 MPH)
|
|
Batting: RHB Masaichi Tokunaga
|
0-0: Ball 1-0: Called Strike 1-1: Called Strike 1-2: Strikes out looking
|
| Top of the 3rd over - 0 runs, 0 hits, 0 errors, 0 left on base; Chattanooga 4 - Erie 2 |
| BOTTOM OF THE 3RD |
|
Erie SeaWolves batting - Pitching for Chattanooga Lookouts : RHP Matt Springer
|
|
Batting: LHB Adam Lancaster
|
0-0: Foul Ball, location: 2F 0-1: Ball 1-1: Foul Ball, location: 2F 1-2: Ball 2-2: SINGLE (Groundball, 4MD, EV 96.3 MPH)
|
|
Batting: RHB Dan Becvar
|
0-0: Ball 1-0: Called Strike 1-1: 2-RUN HOME RUN (Line Drive, 78XD, EV 116.3 MPH), Distance : 451 ft
|
|
Batting: RHB Steve Clark
|
0-0: Ball 1-0: Swinging Strike 1-1: Swinging Strike 1-2: Ball 2-2: Fly out, F3 (Flyball, 3D, EV 80.6 MPH)
|
|
Batting: LHB Takuya Uchida
|
0-0: Ball 1-0: Ball 2-0: Ball 3-0: Base on Balls
|
|
Batting: RHB Jordan Mejias
|
0-0: Ball 1-0: Grounds into double play, 4-6-3 (Groundball, 4, EV 110.0 MPH)
|
| Bottom of the 3rd over - 2 runs, 2 hits, 0 errors, 0 left on base; Chattanooga 4 - Erie 4 |
| TOP OF THE 4TH |
|
Chattanooga Lookouts batting - Pitching for Erie SeaWolves : RHP Branden Maynard
|
|
Batting: LHB Kozo Kanamori
|
0-0: Fly out, F8 (Flyball, 8RS, EV 87.5 MPH)
|
|
Batting: RHB Bobby Paredes
|
0-0: Ball 1-0: Foul Ball, location: 2F 1-1: Swinging Strike 1-2: Ball 2-2: Ball 3-2: Strikes out swinging
|
|
Batting: RHB Julian de Reus
|
0-0: Ball 1-0: Ball 2-0: Foul Ball, location: 2F 2-1: Called Strike 2-2: SINGLE (Groundball, 56D, EV 98.1 MPH)
|
|
Batting: RHB Ben Droge
|
0-0: SINGLE (Groundball, 4MD, EV 103.8 MPH) Julian de Reus to second Runner from 2nd tries for 3rd, SAFE, no throw by CF
|
|
Batting: LHB Marius Tadini
|
0-0: Ball 1-0: Ball 2-0: Ball 3-0: Called Strike 3-1: Foul Ball, location: 2F 3-2: Base on Balls Ben Droge to second
|
|
Batting: RHB Ruben Martinez
|
0-0: Ball 1-0: Ball 2-0: Ball 3-0: Called Strike 3-1: Foul Ball, location: 2F 3-2: Foul Ball, location: 2F 3-2: Foul Ball, location: 2F 3-2: Foul Ball, location: 2F 3-2: Base on Balls Julian de Reus scores Ben Droge to third Marius Tadini to second
|
|
Pitching: RHP Luke Totzke
|
|
|
Batting: LHB Matt Robertson
|
0-0: Ball 1-0: Ball 2-0: Foul Ball, location: 2F 2-1: Fly out, F7 (Flyball, 7, EV 90.6 MPH)
|
| Top of the 4th over - 1 run, 2 hits, 0 errors, 3 left on base; Chattanooga 5 - Erie 4 |
| BOTTOM OF THE 4TH |
|
Erie SeaWolves batting - Pitching for Chattanooga Lookouts : RHP Matt Springer
|
|
Batting: LHB Oscar Gonzalez
|
0-0: Fly out, F8 (Flyball, 8RD, EV 93.8 MPH)
|
|
Batting: LHB Luis Dominguez
|
0-0: Fly out, F8 (Line Drive, 8LD, EV 95.0 MPH)
|
|
Batting: RHB Dusty Newman
|
0-0: Foul Ball, location: 2F 0-1: Foul Ball, location: 2F 0-2: Ball 1-2: Fly out, F6 (Flyball, 6D, EV 96.3 MPH)
|
| Bottom of the 4th over - 0 runs, 0 hits, 0 errors, 0 left on base; Chattanooga 5 - Erie 4 |
| TOP OF THE 5TH |
|
Chattanooga Lookouts batting - Pitching for Erie SeaWolves : RHP Luke Totzke
|
|
Batting: RHB Justin Allison
|
0-0: Called Strike 0-1: Swinging Strike 0-2: Foul Ball, location: 2F 0-2: Strikes out swinging
|
|
Batting: RHB Masaichi Tokunaga
|
0-0: Ball 1-0: Ball 2-0: Foul Ball, location: 2F 2-1: Foul Ball, location: 2F 2-2: Strikes out swinging
|
|
Batting: LHB Kozo Kanamori
|
0-0: Foul Ball, location: 2F 0-1: Ball 1-1: Foul Ball, location: 2F 1-2: Foul Ball, location: 2F 1-2: Ball 2-2: Ball 3-2: Foul Ball, location: 2F 3-2: Strikes out swinging
|
| Top of the 5th over - 0 runs, 0 hits, 0 errors, 0 left on base; Chattanooga 5 - Erie 4 |
| BOTTOM OF THE 5TH |
|
Erie SeaWolves batting - Pitching for Chattanooga Lookouts : RHP Matt Springer
|
|
Batting: LHB Freddy Troncoso
|
0-0: Called Strike 0-1: Called Strike 0-2: Ground out 5-3 (Groundball, 5S, EV 85.6 MPH)
|
|
Batting: LHB Adam Lancaster
|
0-0: Ball 1-0: Ball 2-0: Ball 3-0: Called Strike 3-1: SINGLE (Groundball, 34D, EV 99.4 MPH)
|
|
Batting: RHB Dan Becvar
|
0-0: Called Strike 0-1: Ball 1-1: Called Strike 1-2: Strikes out swinging
|
|
Batting: RHB Steve Clark
|
0-0: Ball 1-0: SINGLE (Groundball, 4S, EV 73.8 MPH) (infield hit) Adam Lancaster to second
|
|
Batting: LHB Takuya Uchida
|
0-0: Called Strike 0-1: Ball 1-1: Ball 2-1: Foul Ball, location: 2F 2-2: Ball 3-2: Base on Balls Adam Lancaster to third Steve Clark to second
|
|
Batting: RHB Jordan Mejias
|
0-0: Ball 1-0: SINGLE (Line Drive, 56D, EV 103.8 MPH) Adam Lancaster scores Steve Clark to third Takuya Uchida to second
|
|
Pitching: RHP Justin Nourse
|
|
|
Batting: LHB Oscar Gonzalez
|
0-0: Foul Ball, location: 2F 0-1: Foul Ball, location: 2F 0-2: Ball 1-2: Foul Ball, location: 2F 1-2: Foul Ball, location: 2F 1-2: Foul Ball, location: 2F 1-2: DOUBLE (Flyball, 78XD, EV 103.8 MPH) Steve Clark scores Takuya Uchida scores Jordan Mejias to third
|
|
Batting: LHB Luis Dominguez
|
0-0: Foul Ball, location: 2F 0-1: Ball 1-1: Foul Ball, location: 2F 1-2: Ball 2-2: DOUBLE (Groundball, 3L, EV 98.1 MPH) Jordan Mejias scores Oscar Gonzalez scores
|
|
Batting: RHB Dusty Newman
|
0-0: Ball 1-0: Ball 2-0: SINGLE (Groundball, 6MD, EV 100.6 MPH) Luis Dominguez to third Runner from 3rd tries for Home, SAFE, throw by CF to home
|
|
Batting: LHB Freddy Troncoso
|
0-0: Fly out, F5 (Popup, 5F, EV 58.8 MPH)
|
| Bottom of the 5th over - 6 runs, 6 hits, 0 errors, 1 left on base; Chattanooga 5 - Erie 10 |
| TOP OF THE 6TH |
|
Chattanooga Lookouts batting - Pitching for Erie SeaWolves : RHP Luke Totzke
|
|
Batting: RHB Bobby Paredes
|
0-0: Called Strike 0-1: Ground out 5-3 (Groundball, 56, EV 88.8 MPH)
|
|
Batting: RHB Julian de Reus
|
0-0: Ball 1-0: Foul Ball, location: 2F 1-1: Ground out 6-3 (Groundball, 6, EV 81.9 MPH)
|
|
Batting: RHB Ben Droge
|
0-0: Called Strike 0-1: Foul Ball, location: 2F 0-2: Ball 1-2: Strikes out swinging
|
| Top of the 6th over - 0 runs, 0 hits, 0 errors, 0 left on base; Chattanooga 5 - Erie 10 |
| BOTTOM OF THE 6TH |
|
Erie SeaWolves batting - Pitching for Chattanooga Lookouts : RHP Justin Nourse
|
|
Batting: LHB Adam Lancaster
|
0-0: Ball 1-0: Swinging Strike 1-1: Ball 2-1: Ball 3-1: Base on Balls
|
|
Batting: RHB Dan Becvar
|
0-0: Ball Adam Lancaster is caught stealing 2nd base 2-4 1-0: Called Strike 1-1: Ground out 4-3 (Groundball, 4, EV 76.9 MPH)
|
|
Batting: RHB Steve Clark
|
0-0: Ball 1-0: Ball 2-0: Ball 3-0: Base on Balls
|
|
Batting: LHB Takuya Uchida
|
0-0: Fly out, F5 (Popup, 5SF, EV 77.5 MPH)
|
| Bottom of the 6th over - 0 runs, 0 hits, 0 errors, 1 left on base; Chattanooga 5 - Erie 10 |
| TOP OF THE 7TH |
|
Chattanooga Lookouts batting - Pitching for Erie SeaWolves : RHP Luke Totzke
|
|
Batting: LHB Marius Tadini
|
0-0: Ball 1-0: Ball 2-0: Ground out 6-3 (Groundball, 6, EV 100.6 MPH)
|
|
Batting: RHB Ruben Martinez
|
0-0: Ball 1-0: Called Strike 1-1: Foul Ball, location: 2F 1-2: Strikes out looking
|
|
Batting: LHB Matt Robertson
|
0-0: Ball 1-0: Ball 2-0: Ball 3-0: Base on Balls
|
|
Pitching: LHP Jim Daum
|
|
|
Batting: RHB Justin Allison
|
0-0: Ball 1-0: Ball 2-0: Fly out, F9 (Flyball, 9D, EV 95.0 MPH)
|
| Top of the 7th over - 0 runs, 0 hits, 0 errors, 1 left on base; Chattanooga 5 - Erie 10 |
| BOTTOM OF THE 7TH |
|
Erie SeaWolves batting - Pitching for Chattanooga Lookouts : RHP Justin Nourse
|
|
Batting: RHB Jordan Mejias
|
0-0: Ball 1-0: Called Strike 1-1: Ground out 5-3 (Groundball, 56, EV 105.6 MPH)
|
|
Batting: LHB Oscar Gonzalez
|
0-0: Ground out 4-3 (Groundball, 4, EV 106.3 MPH)
|
|
Batting: LHB Luis Dominguez
|
0-0: Called Strike 0-1: Foul Ball, location: 2F 0-2: Strikes out looking
|
| Bottom of the 7th over - 0 runs, 0 hits, 0 errors, 0 left on base; Chattanooga 5 - Erie 10 |
| TOP OF THE 8TH |
|
Chattanooga Lookouts batting - Pitching for Erie SeaWolves : LHP Jim Daum
|
|
Batting: RHB Masaichi Tokunaga
|
0-0: Called Strike 0-1: Ball 1-1: Called Strike 1-2: Ball 2-2: Foul Ball, location: 2F 2-2: Ground out 4-3 (Groundball, 4, EV 83.1 MPH)
|
|
Batting: LHB Kozo Kanamori
|
0-0: Ball 1-0: Ground out U3 (Groundball, 3, EV 79.4 MPH)
|
|
Batting: RHB Bobby Paredes
|
0-0: Swinging Strike 0-1: Ball 1-1: Called Strike 1-2: Ball 2-2: SINGLE (Line Drive, 56D, EV 109.4 MPH)
|
|
Batting: RHB Julian de Reus
|
0-0: Foul Ball, location: 2F 0-1: Foul Ball, location: 2F 0-2: Fly out, F8 (Line Drive, 8LD, EV 91.3 MPH)
|
| Top of the 8th over - 0 runs, 1 hit, 0 errors, 1 left on base; Chattanooga 5 - Erie 10 |
| BOTTOM OF THE 8TH |
|
Erie SeaWolves batting - Pitching for Chattanooga Lookouts : RHP Justin Nourse
|
|
Pitching: LHP Craig Anderson
|
|
|
Batting: RHB Dusty Newman
|
0-0: Ball 1-0: Ball 2-0: Ground out 6-3 (Groundball, 6MD, EV 105.0 MPH)
|
|
Batting: LHB Freddy Troncoso
|
0-0: Ball 1-0: Swinging Strike 1-1: Foul Ball, location: 2F 1-2: Strikes out swinging
|
|
Batting: LHB Adam Lancaster
|
0-0: Ball 1-0: Swinging Strike 1-1: Called Strike 1-2: Foul Ball, location: 2F 1-2: Ball 2-2: Ground out 4-3 (Groundball, 4, EV 94.4 MPH)
|
| Bottom of the 8th over - 0 runs, 0 hits, 0 errors, 0 left on base; Chattanooga 5 - Erie 10 |
| TOP OF THE 9TH |
|
Chattanooga Lookouts batting - Pitching for Erie SeaWolves : LHP Jim Daum
|
|
Batting: RHB Ben Droge
|
0-0: Called Strike 0-1: Fly out, F6 (Popup, 6, EV 75.0 MPH)
|
|
Pinch Hitting: RHB J.J. Powers
|
0-0: Ground out 4-3 (Groundball, 4M, EV 103.8 MPH)
|
|
Batting: RHB Ruben Martinez
|
0-0: Ball 1-0: Ball 2-0: Ball 3-0: Base on Balls
|
|
Batting: LHB Matt Robertson
|
0-0: Called Strike 0-1: Swinging Strike 0-2: Strikes out swinging
|
| Top of the 9th over - 0 runs, 0 hits, 0 errors, 1 left on base; Chattanooga 5 - Erie 10 |
|